 Dungeon Crawl Stone Soup version 0.28-a0-1241-gf280a0fbb2 (webtiles) character file.

Game seed: 16580145765703036787

59 L0rdVetinari the Conjurer (level 4, -3/24 HPs)
             Began as a Gargoyle Conjurer on Dec 26, 2021.
             Slain by Pikel (6 damage)
             ... on level 4 of the Dungeon.
             The game lasted 00:02:36 (1169 turns).

L0rdVetinari the Conjurer (Gargoyle Conjurer)       Turns: 1169, Time: 00:02:37

Health: -3/24      AC:  5    Str: 11    XL:     4   Next: 3%
Magic:  9/9        EV: 11    Int: 20    God:
Gold:   30         SH:  0    Dex:  8    Spells: 8/9 levels left

rFire   . . .      SeeInvis .   h - +2 dagger (pain)
rCold   . . .      Faith    .   (no shield)
rNeg    + . .      Spirit   .   a - +0 robe
rPois   ∞          Reflect  .   (no helmet)
rElec   +          Harm     .   (no cloak)
rCorr   .          Rampage  .   (no gloves)
Will    .....                   (no boots)
Stlth   ++........              (no amulet)
HPRegen 0.08/turn               (no ring)
MPRegen 0.11/turn               (no ring)

@: no status effects
A: sickness immunity, AC +3, negative energy resistance 1, electricity
resistance, torment resistance 1, petrification resistance
a: no special abilities


You were on level 4 of the Dungeon.
You visited 1 branch of the dungeon, and saw 3 of its levels.

You collected 30 gold pieces.

Inventory:

Hand Weapons
 h - a +2 dagger of pain (weapon)
Armour
 a - a +0 robe (worn)
Jewellery
 b - a ring of protection from fire
Scrolls
 f - a scroll of vulnerability {unknown}
Potions
 c - a potion of curing {unknown}
 d - a potion of heal wounds {unknown}
 e - a potion of invisibility {unknown}
 g - 2 potions of mutation {unknown}
 i - a potion of might {unknown}
 j - a potion of resistance {unknown}


   Skills:
 - Level 1.5 Dodging
 - Level 2.1 Stealth
 * Level 3.4 Spellcasting
 - Level 5.0 Conjurations


You had 8 spell levels left.
You knew the following spells:

 Your Spells              Type           Power      Damage    Failure   Level
a - Magic Dart            Conj           92%        1d7       1%          1

Your spell library contained the following spells:

 Spells                   Type           Power      Damage    Failure   Level
 Searing Ray              Conj           46%        2d6       2%          2
 Dazzling Flash           Conj/Hex       26%        N/A       14%         3
 Fulminant Prism          Conj/Hex       6%         3d7       43%         4
 Iskenderun's Mystic Bla  Conj/Tloc      13%        2d5       43%         4


Dungeon Overview and Level Annotations

Branches:
Dungeon (2/15)

Altars:
Ru

Annotations:
D:4 Pikel


Innate Abilities, Weirdness & Mutations

You are immune to sickness and miasma.
Your stone body is resilient. (AC +3)
You are immune to poison.
You resist negative energy. (rN+)
You are resistant to electric shocks. (rElec)
You are resistant to unholy torment.
You are immune to petrification.


Message History

Found a scroll labelled ZIOLON QUEVO.
Things that are here:
a jackal corpse; a jackal corpse You hear the slow hiss of a distant avalanche of sand.
The lemure closely misses you.
You hit the lemure but do no damage. The lemure hits you!
You hit the lemure.
The lemure is lightly wounded.
The lemure hits you.
You hit the lemure but do no damage.
The lemure is lightly wounded.
The lemure closely misses you.
You closely miss the lemure.
The lemure is lightly wounded.
The lemure hits you.
You hit the lemure but do no damage.
The lemure is lightly wounded.
The lemure hits you but does no damage.
You hit the lemure.
The lemure is moderately wounded.
The lemure hits you.
* * * LOW HITPOINT WARNING * * *
You hit the lemure but do no damage.
The lemure is moderately wounded.
The lemure hits you.
* * * LOW HITPOINT WARNING * * *
You closely miss the lemure.
The lemure is moderately wounded.
The lemure hits you but does no damage.
You hit the lemure.
The lemure is moderately wounded.
The lemure hits you.
* * * LOW HITPOINT WARNING * * *
Found a robe.
Really walk into that dispersal trap?
You enter a dispersal trap!
The lemure blinks! x3; Pikel blinks!
The lemure blinks!
You blink.
You completely miss the lemure. The lemure hits you but does no damage.
Pikel hits you with a +2 whip of flaming.
You die...

#........######.##....
#.......## #..# ##
#...<...# ##5###
#.......# #..5#
#.......# ###5#
######### #K# #.#
#########§#.####
#....55@K5.......
###§..###...#####
###.[.........
############


You could see Pikel and 3 lemures.

Vanquished Creatures
  A jelly (D:4)
  2 dart slugs (D:1)
  An endoplasm (D:1)
  2 giant cockroaches
  A goblin (D:1)
  3 hobgoblins
  9 jackals
  A kobold (D:1)
  A rat (D:1)
21 creatures vanquished.

Notes
Turn   | Place    | Note
-------+----------+-------------------------------------------
     0 | D:1      | L0rdVetinari the Gargoyle Conjurer began the quest for the
                  | Orb.
     0 | D:1      | Reached XP level 1. HP: 10/10 MP: 3/3
   258 | D:1      | Reached XP level 2. HP: 15/15 MP: 3/5
   594 | D:1      | Reached skill level 5 in Conjurations
   942 | D:2      | Found a sacrificial altar of Ru.
   946 | D:2      | You fall into a shaft and drop 2 floors!
   955 | D:4      | Reached XP level 3. HP: 19/19 MP: 1/7
  1060 | D:4      | Reached XP level 4. HP: 15/24 MP: 7/9
  1122 | D:4      | Noticed Pikel
  1122 | D:4      | Noticed a lemure
  1126 | D:4      | Noticed a lemure
  1126 | D:4      | Noticed a lemure
  1126 | D:4      | Noticed a lemure
  1169 | D:4      | Slain by Pikel

Illustrated notes

Levels and vault maps discovered:
D:1:      minmay_arrival_five_plusses, layout_rooms, hex_medium
D:2:      layout_basic, basic_altar, nrook_uturn, amethyst_killhole
D:4:      layout_rooms, nicolae_ossuary_entry_ruins, uniq_pikel

Skill      XL: |  1  2 |
---------------+-------+-----
Conjurations   | 5 |  5.0
Spellcasting   | 3 |  3.4
Dodging        | |  1.5
Stealth        | |  2.1

Action                   |  1- 3 |  4- 6 || total
-------------------------+-------+-------++-------
Melee: Unarmed           |    21 |       ||    21
       Dagger            |    19 |    10 ||    29
 Cast: Magic Dart        |    35 |     3 ||    38
Armor: Robe              |    31 |     3 ||    34
Dodge: Dodged            |    31 |     3 ||    34

Table legend: (Time is in decaauts)
 A = Elapsed time spent in this place.
 B = Non-inter-level travel time spent in this place.
 C = Inter-level travel time spent in this place.
 D = Time resting spent in this place.
 E = Time spent auto-exploring this place.
 F = Levels seen in this place.
 G = Mean time per level.
                   A        B        C        D        E       F      G
               +--------+--------+--------+--------+--------+-----+--------+
         Total |   1168 |   1145 |     23 |    353 |    534 |   3 |  389.3 |
       Dungeon |   1168 |   1145 |     23 |    353 |    534 |   3 |  389.3 |
               +--------+--------+--------+--------+--------+-----+--------+

Top non-repeatable levels by time:
     D:1: 914 daAuts
     D:4: 222 daAuts
     D:2: 30 daAuts
